 Dungeon Crawl Stone Soup version 0.24-a0-228-g05560da (webtiles) character file.

Game seed: 3659004089918498740

184 technobutter the Skirmisher (level 5, -1/47 HPs)
             Began as a Hill Orc Fighter on Apr 2, 2019.
             Killed from afar by an orc wizard (3 damage)
             ... with a puff of flame
             ... on level 3 of the Dungeon.
             The game lasted 00:07:24 (1617 turns).

technobutter the Skirmisher (Hill Orc Fighter)      Turns: 1617, Time: 00:07:25

Health: -1/47      AC:  8    Str: 20    XL:     5   Next: 63%
Magic:  5/5        EV:  7    Int:  8    God:
Gold:   55         SH:  9    Dex: 10    Spells: 4/4 levels left

rFire    . . .     SeeInvis .   a - +0 flail
rCold    . . .     Gourm    .   g - +0 shield
rNeg     . . .     Faith    .   b - +0 scale mail
rPois    .         Spirit   .   o - +0 helmet
rElec    .         Reflect  .   (no cloak)
rCorr    .         Harm     .   (no gloves)
MR       .....                  (no boots)
Stlth    ..........             (no amulet)
HPRegen  0.15/turn              (no ring)
MPRegen  0.09/turn              (no ring)

@: no status effects
A: no striking features
a: no special abilities


You were on level 3 of the Dungeon.
You were not hungry.

You visited 1 branch of the dungeon, and saw 4 of its levels.

You collected 55 gold pieces.

Inventory:

Hand Weapons
 a - a +0 flail (weapon)
Armour
 b - a +0 scale mail (worn)
 g - a +0 shield (worn)
 o - a +0 helmet (worn)
Scrolls
 c - 2 scrolls of blinking
 k - a scroll of random uselessness {unknown}
 m - a scroll of enchant weapon {unknown}
 n - a scroll of identify {unknown}
 p - a scroll of teleportation {unknown}
Potions
 d - 2 potions of might
 e - 2 potions of heal wounds {unknown}
 h - a potion of flight {unknown}
 i - 3 potions of curing {unknown}
 j - a potion of degeneration {unknown}
 l - a potion of mutation {unknown}
Comestibles
 f - 3 rations


   Skills:
 + Level 4.4 Fighting
 + Level 3.7 Maces & Flails
 + Level 4.3 Armour
 + Level 0.8 Dodging
 + Level 0.1 Stealth
 + Level 4.3 Shields


You had 4 spell levels left.
You didn't know any spells.
Your spell library was empty.

Dungeon Overview and Level Annotations

Branches:
Dungeon (4/15)
 Temple: D:4-7

Altars:


Message History

You hear some strange, mumbled words.
A puff of flame appears from out of thin air!
The puff of flame hits you.
* * * LOW HITPOINT WARNING * * *
The orc misses you.
You hit the orc.
You kill the orc!
The orc hits you with a +0 club.
* * * LOW HITPOINT WARNING * * *
Something hits you.
* * * LOW HITPOINT WARNING * * *
You block the orc's attack. Something hits you but does no damage.
The orc hits you but does no damage. Something hits you.
* * * LOW HITPOINT WARNING * * *
You block the orc's attack.
You hear some strange, mumbled words.
A puff of flame appears from out of thin air!
The puff of flame hits you.
You die...

#....##... #......#
###......######
###.. #......[...
#.(.###((.###
#....(#...#
#÷#...###.## #
#...#(..#..##
...####.@####.##..#
#....{.o# #..##.###
#..##)>## ##.#....#
..?....##
#......### ##..###
###......### #.
#....#...# #
####†###.# #.# #.#
#.# #.#


You could see an orc.

Vanquished Creatures
  A bullfrog (D:3)
  A howler monkey (D:4)
  A worker ant (D:4)
  2 adders
  An ooze (D:4)
  2 dart slugs (D:1)
  2 leopard geckos
  An orc (D:3)
  2 giant cockroaches
  A goblin (D:1)
  5 hobgoblins
  4 jackals (D:3)
  3 kobolds
  2 ball pythons (D:1)
  2 bats
  3 rats (D:1)
33 creatures vanquished.

Notes
Turn   | Place    | Note
-------+----------+-------------------------------------------
     0 | D:1      | technobutter the Hill Orc Fighter began the quest for the
                  | Orb.
     0 | D:1      | Reached XP level 1. HP: 19/19 MP: 1/1
    60 | D:1      | Reached XP level 2. HP: 27/27 MP: 2/2
   704 | D:2      | Reached XP level 3. HP: 33/33 MP: 3/3
  1350 | D:3      | Noticed a bullfrog
  1362 | D:3      | Killed a bullfrog
  1362 | D:3      | Reached XP level 4. HP: 33/40 MP: 4/4
  1463 | D:4      | Reached XP level 5. HP: 41/47 MP: 5/5
  1616 | D:3      | HP: 2/47 [something (4)]
  1617 | D:3      | Killed from afar by an orc wizard

Levels and vault maps discovered:
D:1:      dpeg_arrival_renting, layout_loops_cross
D:2:      wad_lake_hut, layout_basic
D:3:      layout_rooms, minmay_distorted, uniq_ijyb
D:4:      layout_cave_pods, grunt_temple_overflow_open, first_ration,
          serial_shops, shop, grunt_qazlal_clouds

Skill      XL: |  1  2  3 |
---------------+----------+-----
Fighting       | 4 |  4.4
Maces & Flails | 3 |  3.7
Armour         | 4 |  4.3
Shields        | 4 |  4.3
Dodging        | |  0.8
Stealth        | |  0.1

Action                   |  1- 3 |  4- 6 || total
-------------------------+-------+-------++-------
Melee: Flail             |    97 |    29 ||   126
  Use: Scroll            |     1 |       ||     1
  Eat: Ration            |     1 |       ||     1
Armor: Scale mail        |    53 |    29 ||    82
Dodge: Dodged            |    30 |    15 ||    45
Block: Shield            |    59 |    26 ||    85

Table legend:
 A = Non-vault XP
 B = Vault XP
 C = Vault XP percentage of total XP
 D = Non-vault monster count
 E = Vault monster count
 F = Vault count percentage of total count
                 A         B        C        D         E       F
            +---------+---------+-------+---------+---------+-------
      Total |     263 |       0 |   0.0 |      33 |       0 |   0.0
            +---------+---------+-------+---------+---------+-------
        D:1 |      31 |       0 |   0.0 |      16 |       0 |   0.0
        D:2 |      20 |       0 |   0.0 |       5 |       0 |   0.0
        D:3 |     113 |       0 |   0.0 |       9 |       0 |   0.0
        D:4 |      99 |       0 |   0.0 |       3 |       0 |   0.0
            +---------+---------+-------+---------+---------+-------
